Map: Ruins of Endion

Players

Stephano

  • Race: Zerg Zerg
  • League: Master

Miszu - Winner!

  • Race: Terran Terran
  • League: Master

VOD

Have the link to the VOD?

Description

Time

  • Played on: April 13, 2016, 4:17 p.m.
  • Length: 11:34
Show
View Real Time Build Order
Export as new Build Order

Stephano Zerg 

Build Orders: Hatch First 

Get SALT Encoding   

  12  0:01  Drone  
  13  0:14  Overlord  
  13  0:18  Drone  
  14  0:32  Drone x2  
  16  0:37  Drone  
  17  0:54  Hatchery  
  17  0:55  Drone  
  17  0:58  Drone  
  18  1:13  Spawning Pool  
  18  1:14  Drone  
  18  1:19  Drone  
  19  1:34  Drone  
  20  1:44  Hatchery  
  20  1:46  Drone  
  20  1:53  Drone  
  21  2:04  Zergling x2  
  21  2:05  Queen  
  21  2:06  Zergling x2  
  25  2:12  Queen  
  27  2:18  Overlord  
  27  2:20  Drone  
  28  2:30  Overlord  
  28  2:39  Drone  
  28  2:40  Queen, Drone x2  
  33  2:44  Overlord  
  33  2:48  Queen  
  34  3:00  Drone  
  34  3:01  Drone  
  34  3:02  Drone x2  
  38  3:12  Drone x3  
  41  3:13  Drone x2  
  43  3:20  Queen  
  43  3:23  Queen  
  47  3:28  Extractor, Drone x2  
  47  3:29  Extractor  
  47  3:31  Drone  
  48  3:36  Overlord  
  48  3:38  Drone x2  
  50  3:41  Drone  
  50  3:45  Drone x2  
  50  3:46  Drone  
  50  3:48  Drone  
  55  3:57  Drone x3  
  55  3:58  Drone x3  
  55  3:59  Drone  
  55  4:01  Drone  
  63  4:09  Overlord  
  63  4:12  Extractor  
  63  4:13  Drone x4  
  63  4:14  Metabolic Boost, Extractor  
  65  4:24  Drone  
  65  4:25  Evolution Chamber  
  65  4:26  Evolution Chamber  
  65  4:30  Drone  
  65  4:31  Drone x2  
  67  4:33  Drone x2  
  67  4:38  Drone  
  70  4:40  Drone x3  
  70  4:41  Drone  
  70  4:45  Lair  
  74  4:46  Overlord  
  74  4:47  Overlord x3  
  74  5:00  Overlord  
  74  5:04  Spore Crawler  
  73  5:08  Zerg Melee Weapons Level 1, Zerg Ground Armor Level 1  
  73  5:11  Extractor, Drone x7  
  73  5:12  Extractor  
  78  5:14  Drone x3  
  78  5:16  Baneling Nest  
  78  5:19  Zergling x6  
  83  5:25  Zergling x2  
  83  5:26  Zergling x2  
  85  5:35  Zergling x10  
  86  5:36  Zergling x2  
  86  5:39  Drone x3  
  94  5:47  Zergling x10  
  99  5:51  Infestation Pit  
  98  5:58  Overlord x2  
  98  6:02  Drone  
  99  6:04  Centrifical Hooks  
  99  6:06  Baneling  
  99  6:07  Baneling x5  
  99  6:12  Hatchery  
  99  6:13  Drone x2  
  99  6:14  Overlord  
  99  6:16  Zergling x16  
  108  6:29  Pathogen Glands  
  108  6:34  Zergling x8  
  108  6:38  Spore Crawler  
  108  6:39  Spine Crawler  
  110  6:56  Infestor x4  
  110  6:59  Drone x5  
  110  7:00  Drone  
  124  7:09  Overlord  
  124  7:10  Overlord x2  
  124  7:17  Zergling x2  
  124  7:18  Zergling x10  
  124  7:20  Hive, Zerg Melee Weapons Level 2, Zerg Ground Armor Level 2  
  130  7:31  Infestor  
  130  7:32  Infestor  
  134  7:39  Drone  
  134  7:40  Drone x7  
  134  7:41  Drone x4  
  146  7:50  Extractor  
  145  7:52  Extractor, Drone x4  
  145  7:55  Spore Crawler x2  
  145  7:57  Spore Crawler  
  144  8:02  Zergling x14  
  151  8:06  Baneling  
  151  8:07  Baneling x8  
  151  8:21  Hatchery  
  151  8:22  Overlord  
  151  8:23  Overlord x2  
  151  8:27  Hatchery  
  140  8:34  Zergling x14  
  129  8:43  Zergling x2  
  129  8:44  Zergling x26  
  129  8:53  Zergling x6  
  129  8:54  Queen  
  126  8:55  Adrenal Glands  
  126  9:00  Zergling x4  
  127  9:06  Baneling x13  
  127  9:09  Zergling x2  
  125  9:10  Zergling x22  
  125  9:11  Overseer  
  125  9:12  Ultralisk Cavern  
  131  9:23  Zergling x8  
  128  9:26  Spore Crawler  
  128  9:28  Spine Crawler  
  128  9:30  Spore Crawler  
  122  9:33  Spine Crawler  
  122  9:36  Zergling x20  
  114  9:40  Zergling x6  
  114  9:45  Zergling x4  
  106  9:53  Zergling x12  
  106  9:58  Infestor x2  
  104  10:02  Zergling x10  
  104  10:04  Ultralisk  
  104  10:05  Ultralisk x2  
  124  10:07  Zergling x2  
  124  10:08  Zergling x6  
  124  10:11  Baneling  
  124  10:12  Baneling x7  
  124  10:13  Zergling x8  
  131  10:19  Ultralisk x2  
  143  10:23  Overseer  
  138  10:34  Zergling x14  
  138  10:35  Zergling x10  
  140  10:42  Zergling x12  
  133  10:50  Ultralisk  
  133  10:51  Zergling x8  
  133  10:52  Zergling x2  
  131  11:01  Zergling x14  
Show
View Real Time Build Order
Export as new Build Order

Miszu Terran - Winner!

Build Orders: Reaper Expand, MMM Bio 

Get SALT Encoding   

  12  0:00  SCV  
  13  0:12  SCV  
  14  0:17  Supply Depot  
  14  0:24  SCV  
  15  0:39  SCV  
  15  0:40  Barracks  
  16  0:44  Refinery  
  16  0:51  SCV  
  17  1:03  SCV  
  18  1:15  SCV  
  19  1:27  Orbital Command  
  19  1:28  Reaper  
  20  1:39  Command Center  
  20  1:48  Supply Depot  
  20  1:53  SCV  
  21  1:59  Refinery  
  21  2:02  Marine  
  21  2:05  SCV  
  23  2:15  Factory  
  23  2:17  SCV  
  24  2:29  SCV  
  25  2:35  Barracks Reactor  
  25  2:41  SCV  
  26  2:52  Command Center, SCV  
  26  2:56  Barracks  
  27  3:01  SCV  
  27  3:07  Orbital Command  
  27  3:13  SCV  
  27  3:18  Barracks Tech Lab  
  28  3:22  Hellion x2  
  28  3:26  SCV  
  33  3:33  SCV  
  34  3:37  Marine  
  34  3:38  Stimpack, SCV  
  36  3:45  SCV  
  36  3:48  Barracks  
  37  3:50  SCV  
  37  3:51  Factory Reactor  
  37  3:54  Marine x2  
  40  3:55  Marine  
  40  3:57  SCV  
  40  4:02  SCV  
  43  4:08  Orbital Command  
  43  4:09  SCV  
  44  4:14  SCV  
  44  4:15  Engineering Bay  
  44  4:16  Engineering Bay  
  45  4:20  Marine  
  45  4:21  Marine, SCV  
  48  4:26  SCV  
  51  4:31  Marauder  
  51  4:32  Refinery  
  51  4:34  SCV  
  51  4:35  Refinery  
  51  4:38  SCV, Factory Reactor  
  52  4:41  Starport  
  52  4:43  Marine x2  
  52  4:44  Marine  
  56  4:47  SCV  
  56  4:50  SCV  
  56  4:51  Supply Depot  
  58  4:56  Supply Depot  
  58  4:59  Marine, SCV  
  60  5:02  Orbital Command  
  60  5:03  SCV  
  60  5:06  Terran Infantry Armor Level 1  
  61  5:09  Terran Infantry Weapons Level 1  
  61  5:12  Marine, SCV  
  63  5:15  SCV  
  63  5:19  Supply Depot  
  64  5:23  Marine  
  64  5:24  Supply Depot, SCV  
  64  5:27  Marine, SCV  
  68  5:28  SCV  
  68  5:29  Factory Reactor  
  68  5:32  Medivac  
  68  5:33  Medivac  
  73  5:36  SCV  
  73  5:38  Combat Shields  
  73  5:39  SCV  
  73  5:40  SCV  
  76  5:44  Marine x2  
  76  5:47  Marine x2  
  76  5:48  Supply Depot, Marine, SCV  
  82  5:51  SCV  
  82  5:52  SCV  
  84  5:59  Supply Depot  
  84  6:01  SCV  
  84  6:02  Marine x2  
  84  6:03  SCV  
  88  6:05  SCV  
  88  6:06  Armory  
  89  6:12  Supply Depot  
  89  6:13  SCV  
  89  6:15  SCV  
  89  6:17  Barracks, Widow Mine  
  89  6:18  Medivac, Barracks  
  95  6:19  SCV  
  95  6:22  Supply Depot  
  95  6:25  Marine, SCV  
  97  6:27  SCV  
  97  6:29  Widow Mine  
  101  6:35  SCV  
  101  6:37  SCV  
  103  6:40  Barracks  
  103  6:41  Barracks  
  103  6:42  Marauder, Barracks  
  103  6:47  Supply Depot  
  105  6:49  Medivac x2  
  109  6:54  Marine  
  109  6:55  Marine x3  
  109  6:58  Supply Depot  
  113  7:03  Supply Depot, Terran Infantry Weapons Level 2  
  113  7:04  Terran Infantry Armor Level 2  
  113  7:07  Widow Mine  
  115  7:12  Marine  
  115  7:13  Marauder  
  118  7:19  Medivac  
  118  7:21  Widow Mine  
  118  7:22  Medivac  
  124  7:25  Missile Turret  
  124  7:26  Factory, Refinery  
  124  7:27  Supply Depot, Barracks Tech Lab x2  
  124  7:29  Barracks Tech Lab  
  124  7:30  Marine  
  124  7:32  Barracks Reactor x2  
  124  7:34  Marauder  
  126  7:39  Widow Mine  
  126  7:41  Marine x3  
  131  7:47  Marauder  
  131  7:48  Marine  
  131  7:49  Medivac  
  131  7:50  Widow Mine  
  131  7:51  Marine, Marauder  
  141  7:56  Marauder  
  142  7:58  Marine  
  142  7:59  Marine x2  
  143  8:06  Marine  
  143  8:08  Marine, Widow Mine  
  143  8:09  Marine, Marauder  
  143  8:10  Marine x3  
  143  8:11  Factory Tech Lab  
  143  8:12  Marine  
  154  8:13  Supply Depot  
  154  8:16  Marine  
  154  8:17  Marine, Marauder  
  154  8:18  Missile Turret  
  158  8:26  Marauder  
  160  8:30  Marauder x2  
  131  8:52  Marine x9, Marauder x2  
  131  8:53  Marine, Medivac, Widow Mine x2  
  131  8:54  Medivac  
  144  9:08  Widow Mine  
  141  9:10  Marine x3  
  141  9:11  Marauder x2  
  141  9:13  Marauder  
  141  9:14  Marine, Marauder  
  153  9:17  Concussive Shells  
  153  9:21  Widow Mine x2  
  143  9:26  Marine  
  142  9:32  Marauder x2  
  142  9:35  Marauder x2  
  142  9:36  Widow Mine  
  142  9:37  Marine x2  
  142  9:38  Marine x5  
  149  9:43  SCV  
  149  9:44  Marine  
  151  9:50  Widow Mine  
  151  9:51  Hellion  
  154  9:54  Marauder x2  
  154  9:55  Marine x6  
  154  9:56  Marauder x2  
  156  10:02  Marine  
  156  10:04  Medivac x2  
  156  10:05  Marine  
  155  10:14  Marine  
  155  10:15  Marauder x2  
  155  10:18  Marine  
  155  10:19  Marine x2, Marauder  
  165  10:32  Marine  
  165  10:33  Marine x4, Marauder  
  165  10:34  Medivac  
  171  10:36  Marine x2  
  171  10:39  Marine x2  
  171  10:41  Marauder  
  171  10:42  Marine  
  167  10:50  Marine  
  167  10:54  Marauder  
  170  11:00  Marine x3, Marauder  
  170  11:01  Marine x2  
  170  11:02  Marine  
  170  11:04  Marine x2  
  173  11:05  Marine  
  173  11:08  Marine  
  158  11:15  Marine  
Tags
 
Add a new tag
Caveats
  • Supply blocks, unpowered buildings, or Contaminate may cause inaccurate times.
  • Supply counts are checked every 10 seconds.